 Dungeon Crawl Stone Soup version 0.31-a0-1499-ge0622b2318 (webtiles) character file.

Game seed: 11467223482102809331

1847566 RBrandon the Skinwalker (level 27, 211/223 HPs)
             Began as a Merfolk Shapeshifter on Dec 26, 2023.
             Was a High Priest of Fedhas.
             Escaped with the Orb
             ... and 3 runes on Dec 30, 2023!
             The game lasted 03:33:34 (55645 turns).

RBrandon the Skinwalker (Merfolk Shapeshifter)     Turns: 55645, Time: 03:33:34

Health: 211/223    AC: 37    Str: 25    XL:     27
Magic:  34/34      EV: 27    Int: 13    God:    Fedhas [*****.]
Gold:   2703       SH:  0    Dex: 22    Spells: 25/38 levels left

rFire   + . .        a - +9 bardiche (chaos)
rCold   + . .        (shield currently unavailable)
rNeg    + + +        d - +8 scale mail of Taoch {Rampage Will+ Dex+3}
rPois   ∞            s - +2 helmet
rElec   .            w - +2 cloak {Will+}
rCorr   +            M - +2 pair of gloves "Reicwarch" {rF+ Will+++ rCorr Stlth-}
SInv    .            (no boots)
Will    +++++        G - amulet "Yhyta" {RegenMP Regen+ Str+3 Int+3} Stlth
                     P - +4 ring of protection
HPRegen 1.37/turn    A - +4 ring of protection
MPRegen 0.64/turn

%: rampage
@: death-form
A: vile attack, torment immunity, no potions, (nimble swimmer 2), mertail
0: Orb of Zot
}: 3/15 runes: barnacled, silver, gossamer
a: Siphon Essence, Begin Untransformation, Renounce Religion, Wall of Briars,
Grow Ballistomycete, Overgrow, Grow Oklob


You escaped.
You worshipped Fedhas.
Fedhas was extremely pleased with you.
You were an undying horror.
You visited 8 branches of the dungeon, and saw 44 of its levels.
You also visited: Bailey.

You collected 6665 gold pieces.
You spent 3962 gold pieces at shops.

Inventory:

Hand Weapons
 a - a +9 bardiche of chaos (weapon)
   (You took it off a vault guard on level 2 of the Vaults)
Missiles
 g - 7 throwing nets
 O - a curare-tipped dart
Armour
 d - the +8 scale mail of Taoch (worn) {Rampage Will+ Dex+3}
   (You found it on level 10 of the Dungeon)

   Dex+3:     It affects your dexterity (+3).
   Will+:     It increases your willpower.
   Rampage:   It bestows one free step when moving towards enemies.
 s - a +2 helmet (worn)
 w - a +2 cloak of willpower (worn)
   (You found it on level 10 of the Dungeon)
 M - the +2 pair of gloves "Reicwarch" (worn) {rF+ Will+++ rCorr Stlth-}
   (You acquired it in a bailey)

   rF+:       It protects you from fire.
   Will+++:   It greatly increases your willpower.
   rCorr:     It protects you from acid and corrosion.
   Stlth-:    It makes you less stealthy.
Jewellery
 m - a ring of willpower
 n - the ring "Suenulu" {^Contam +Blink rPois rC+ Int+3}
   (You took it off a tengu reaver on level 5 of the Vaults)

   [ring of poison resistance]

   Int+3:     It affects your intelligence (+3).
   rC+:       It protects you from cold.
   rPois:     It protects you from poison +Blink: It lets you blink.
   ^Contam:   It causes magical contamination when unequipped.
 q - a ring of protection from fire
 A - a +4 ring of protection (right hand)
 D - a ring of resist corrosion
 E - a ring of magical power
 G - the amulet "Yhyta" (around neck) {RegenMP Regen+ Str+3 Int+3}
   (You found it on level 1 of the Realm of Zot)

   [amulet of magic regeneration]

   RegenMP:   It increases your rate of magic regeneration.
   Str+3:     It affects your strength (+3).
   Int+3:     It affects your intelligence (+3).
   Regen+:    It increases your rate of health regeneration.
 P - a +4 ring of protection (left hand)
 R - a ring of protection from cold
Talismans
 L - a talisman of death (active)
 Q - a granite talisman
Wands
 h - a wand of roots (10)
 H - a wand of charming (53)
 I - a wand of light (37)
 J - a wand of polymorph (26)
 V - a wand of digging (32)
Scrolls
 j - 7 scrolls of teleportation
 k - 2 scrolls of blinking
 l - a scroll of torment
 y - 2 scrolls of revelation
 F - 6 scrolls of amnesia
 K - 3 scrolls of summoning
 T - 5 scrolls of fear
 U - 3 scrolls of fog
 W - 2 scrolls of silence
 Y - 4 scrolls of poison
Potions
 c - 4 potions of cancellation
 e - 6 potions of haste
 i - 12 potions of heal wounds
 o - 5 potions of berserk rage
 p - 3 potions of brilliance
 r - 10 potions of ambrosia
 t - 11 potions of mutation
 v - 11 potions of enlightenment
 x - 8 potions of attraction
 z - 6 potions of resistance
 B - 10 potions of might
 C - 8 potions of lignification
 S - 11 potions of curing
 Z - 8 potions of magic
Miscellaneous
 b - a condenser vane
 f - a phantom mirror
 u - a box of beasts (inert)
 N - a lightning rod (4/4)
 X - a phial of floods


   Skills:
 - Level 19.6 Fighting
 - Level 24.0 Polearms
 + Level 15.3 Armour
 - Level 22.8 Dodging
 - Level 3.2 Unarmed Combat
 - Level 6.0 Spellcasting
 - Level 11.8 Translocations
 - Level 6.5 Air Magic
 + Level 15.3 Invocations
 - Level 12.4 Evocations
 - Level 24.1 Shapeshifting


You had 25 spell levels left.
You knew the following spells:

 Your Spells              Type           Power      Damage    Failure   Level
a - Apportation           Tloc           68%        N/A       1%          1
b - Blink                 Tloc           68%        N/A       1%          2
c - Lesser Beckoning      Tloc           68%        N/A       1%          2
d - Manifold Assault      Tloc           34%        N/A       2%          4
e - Vhi's Electric Charg  Tloc/Air       54%        N/A       7%          4

Your spell library contained the following spells:

 Spells                   Type           Power      Damage    Failure   Level
 Gell's Gravitas          Tloc           34%        N/A       1%          3
 Teleport Other           Tloc           34%        N/A       1%          3
 Momentum Strike          Conj/Tloc      38%        3d9       4%          2
 Mercury Vapours          Alch/Air       24%        N/A       12%         2
 Static Discharge         Conj/Air       24%        3-4/arc   12%         2
 Foxfire                  Conj/Fire      12%        2x1d4     30%         1
 Magic Dart               Conj           12%        1d3       30%         1
 Necrotise                Necr           12%        1d4       30%         1
 Sandblast                Erth           6%         2d5       30%         1
 Slow                     Hex            12%        N/A       30%         1
 Dispersal                Tloc           17%        N/A       34%         6
 Mephitic Cloud           Conj/Alch/Air  9%         N/A       36%         3
 Jinxbite                 Hex            6%         N/A       41%         2
 Scorch                   Fire           6%         2d5       41%         2
 Searing Ray              Conj           6%         2d4       41%         2
 Sublimation of Blood     Necr           3%         N/A       41%         2
 Frozen Ramparts          Ice            6%         1d1       65%         3
 Ozocubu's Armour         Ice            3%         N/A       65%         3
 Passwall                 Erth           3%         N/A       65%         3
 Stone Arrow              Conj/Erth      6%         3d7       65%         3
 Vampiric Draining        Necr           3%         2d6       65%         3
 Arcjolt                  Conj/Air       6%         1d16      91%         5
 Brom's Barrelling Bould  Conj/Erth      3%         2d3       96%         4
 Flame Wave               Conj/Fire      3%         2d5       96%         4
 Fulminant Prism          Conj/Alch      1%         3d5       96%         4
 Ignite Poison            Fire/Alch      3%         N/A       96%         4
 Leda's Liquefaction      Alch/Erth      1%         N/A       96%         4
 Petrify                  Alch/Erth      3%         N/A       96%         4
 Sticky Flame             Fire/Alch      3%         2d4       96%         4
 Summon Blazeheart Golem  Fire/Summ      3%         N/A       96%         4
 Freezing Cloud           Conj/Ice/Air   4%         6-21      98%         5
 Alistair's Intoxication  Alch           2%         N/A       100%        5
 Curse of Agony           Necr           3%         N/A       100%        5
 Irradiate                Conj/Alch      1%         3d12      100%        5
 Lee's Rapid Deconstruct  Erth           1%         3d4*      100%        5
 Metabolic Englaciation   Hex/Ice        1%         N/A       100%        5
 Summon Mana Viper        Hex/Summ       3%         N/A       100%        5
 Bombard                  Conj/Erth      1%         9d1       100%        6
 Plasma Beam              Fire/Air       6%         2x1d16    100%        6
 Sculpt Simulacrum        Ice/Alch       1%         N/A       100%        6
 Starburst                Conj/Fire      1%         6d3       100%        6
 Summon Cactus Giant      Summ           1%         N/A       100%        6
 Haunt                    Necr/Summ      1%         N/A       100%        7
 Borgnjor's Revivificati  Necr           1%         N/A       100%        8
 Disjunction              Tloc           17%        N/A       100%        8
 Ignition                 Fire           1%         3d3       100%        8
 Maxwell's Capacitive Co  Air            10%        ∞         100%        8
 Chain Lightning          Conj/Air       6%         3d8       100%        9
 Death's Door             Necr           1%         N/A       100%        9
 Fire Storm               Conj/Fire      1%         8d1       100%        9


Dungeon Overview and Level Annotations

Branches:
Dungeon (15/15)            Temple (0/1) D:6            Lair (5/5) D:8
 Shoals (4/4) Lair:2       Spider (4/4) Lair:3        Slime (0/5) Lair:4
    Orc (2/2) D:11            Elf (0/3) Orc:2        Vaults (5/5) D:14
  Crypt (0/3) Vaults:2     Depths (4/4) D:15            Zot (5/5) Depths:4
 Bailey (visited)

Altars:
Cheibriados
Dithmenos
Fedhas
Kikubaaqudgha
Makhleb
Nemelex Xobeh
Ru
Uskayaw
Vehumet
Wu Jian
Xom
Yredelemnul
Zin
Jiyva
Lugonu

Shops:
D:9 =(![   D:12 (   D:14 ?   D:15 **:?:   Orc:2 :*[(   Shoals:2 [   Vaults:1 (
Vaults:5 [   Depths:1 :=:   Depths:4 ?

Portals:
Hell: Depths:1 Depths:2 Depths:3 Depths:4
Abyss: Lair:5 Depths:1 Depths:3 Depths:4
Pandemonium: Depths:2
Ziggurat: Depths:2

Annotations:
D:3 1 runed translucent door, Crazy Yiuf
D:10 3 runed translucent doors, odbg100's ghost, journeyman HOFi
Spider:1 3 runed translucent doors, SecretSquirrel's ghost, adept DsIE
Orc:2 1 runed translucent door, PowderKeg's ghost, journeyman DEHu
Vaults:2 3 runed translucent doors, Aldia's ghost, adept DrSh
Zot:5 1 exclusion


Innate Abilities, Weirdness & Mutations

You are an undying horror.
Your melee and unarmed attacks drain, slow and weaken victims.
You are immune to unholy pain and torment.
You cannot drink.
You are immune to poison.
((You are very nimble when in or above water. (Stealth+, EV+, Speed+++)))
Your lower body shifts to a powerful aquatic tail in water.


Message History

Level annotation: 1 runed translucent door, Crazy Yiuf
There is a stone staircase leading down here.
A shadow demon comes into view.
Unknown command.
You reach to attack!
You slash the shadow demon!
The shadow demon's magic leaks into the air.
The shadow demon is moderately wounded.
You reach to attack!
You hit the shadow demon.
The shadow demon is moderately wounded.
The shadow demon's magic is no longer disrupted.
You chop the shadow demon into pieces!!!
Lightning courses through the shadow demon!
You kill the shadow demon!
Fedhas accepts your kill.
No target in view!
There is a stone staircase leading up here.
You climb upwards.
There is a stone staircase leading down here.
There is a stone staircase leading up here.
You climb upwards.
There is a stone staircase leading down here.
You open the door.
There is an open door here.
There is a staircase leading out of the dungeon here.
You begin transforming.
You continue transforming. x3
You turn into a living statue of rough stone.
The +2 pair of gloves "Reicwarch" {rF+ Will+++ rCorr Stlth-} melds into your body.
The +8 scale mail of Taoch {Rampage Will+ Dex+3} melds into your body.
You start resting.
A Hell Sentinel comes into view.
A Hell Sentinel is nearby!
You begin transforming.
You continue transforming. x3
You revert to your normal fleshy form.
The +2 pair of gloves "Reicwarch" {rF+ Will+++ rCorr Stlth-} unmelds from your body.
The +8 scale mail of Taoch {Rampage Will+ Dex+3} unmelds from your body.
Your flesh twists and warps into a mockery of life!
The Hell Sentinel barely misses you. The Hell Sentinel misses you.
The Hell Sentinel completely misses you.
The Hell Sentinel hits you but does no damage.
You have escaped!

.....#.# #.#..###'##...>.# #..
.......# #.#..# #.###....# #..
##########.#..###.# #....#######.
..................# #............
.#########.#####+####...#########
...#.....#.##.......#...#........
.#.###†###.##.8.8.8.#...#........
.#.......#..#.......#...#........
.......#.#..'.8.z18.'...#....)...
.#.....#.#.##.......#...#....)...
..######.#.##.8.8.8.#####.....[..
..'......#.##.......# #......##
..########.#####'#### ###......#
..# #....#.####..# #........# ###
#.##.#......## #.#......#
#####.##.#.....## #.#......##
......##.#.....# #.#........


You could see a Hell Sentinel.

Vanquished Creatures
  5 orbs of fire
  4 dread liches
  An ancient lich (Vaults:5)
  2 juggernauts
  2 Killer Klowns (Zot:3)
  A caustic shrike (Zot:3)
  2 curse toes
  Saint Roka (Orc:2)
  A pandemonium lord (Depths:1)
  6 golden dragons
  Jorgrun (Spider:1)
  A Tzitzimitl (Depths:1)
  A hellephant (Zot:5)
  2 electric golems
  13 tentacled monstrosities
  17 Orb Guardians
  Rupert (Depths:3)
  A walking earthen tome (Depths:3)
  4 liches
  3 quicksilver dragons
  5 titans (Vaults:5)
  2 walking frostbound tomes
  Asterion (Depths:2)
  9 sphinxes
  An ancient champion (Depths:3)
  A kraken (Shoals:2)
  Agnes (Spider:4)
  Gastronok (Lair:1)
  9 death cobs
  A walking divine tome (Depths:2)
  7 shadow dragons
  14 storm dragons
  4 draconian monks
  Donald (Shoals:1)
  A fenstrider witch (Depths:4)
  16 tengu reavers
  5 fire giants
  Ilsuiw (Shoals:2)
  A rockslime (Vaults:5)
  6 protean progenitors
  An iron dragon (Depths:3)
  3 draconian knights
  8 frost giants
  A deep elf sorcerer (Vaults:5)
  5 draconian shifters
  An emperor scorpion (Vaults:5)
  12 vault wardens
  9 ghost moths
  2 balrugs
  5 draconian stormcallers
  3 draconian scorchers
  5 draconian annihilators
  A quicksilver ooze (Depths:1)
  A caustic shrike zombie (Depths:1)
  3 angels (Zot:3)
  3 orc warlords
  A cacodemon (Zot:5)
  2 broodmothers
  A juggernaut skeleton (Depths:3)
  A reaper (Depths:4)
  22 very ugly things
  15 stone giants
  24 ironbound preservers
  10 ironbound thunderhulks
  6 green draconians
  7 white draconians
  A vampire knight (Depths:3)
  7 purple draconians
  An eleionoma (Zot:3)
  9 black draconians
  6 spark wasps
  11 red draconians
  2 bunyips (Zot:2)
  7 yellow draconians
  A war gargoyle (Vaults:5)
  Azrael (D:12)
  12 dire elephants
  8 ettins
  7 merfolk javelineers
  Josephine (D:10)
  11 merfolk impalers
  10 fire dragons
  An entropy weaver (shapeshifter) (D:13)
  11 entropy weavers
  Harold (D:9)
  Fannar (D:11)
  3 deep elf high priests (Vaults:5)
  2 rakshasas
  7 great orbs of eyes
  13 yaktaur captains
  27 vault guards
  9 ice dragons
  6 two-headed ogres
  9 spriggan air magi
  A radroach (Spider:3)
  A spriggan skeleton (Depths:3)
  4 hydras
  A jorogumo (Spider:2)
  5 merfolk avatars
  10 boulder beetles
  2 catoblepae
  An alligator (Zot:2)
  An ogre mage (Vaults:5)
  A sphinx skeleton (Depths:3)
  7 ironbound frosthearts
  17 centaur warriors
  A dancing weapon (D:14)
  4 merfolk aquamancers
  5 death yaks (Lair:5)
  14 deep troll earth magi
  A two-headed ogre (shapeshifter) (Vaults:5)
  2 alligator snapping turtles
  7 satyrs
  8 deep troll shamans
  2 tengu warriors
  4 orc high priests (Orc:2)
  13 hell knights
  8 demonic crawlers
  3 thrashing horrors (Lair:5)
  3 spriggan berserkers
  A sun demon (Depths:2)
  Amaemon (D:8)
  2 sixfirhies (Zot:5)
  6 skysharks
  A goliath frog (Zot:3)
  2 shadow demons
  6 pharaoh ants
  2 glowing orange brains
  12 iron trolls
  An orb spider (shapeshifter) (Depths:4)
  2 obsidian statues
  2 orb spiders (Spider:2)
  8 sea snakes
  4 sun moths
  A cherub (Zot:3)
  13 lindwurms
  70 deep trolls
  7 orc knights
  9 arcanists
  2 spriggan simulacra (Depths:1)
  11 steelbarb worms
  7 deep elf pyromancers
  5 phantasmal warriors (Vaults:5)
  A lindwurm (shapeshifter) (Vaults:5)
  22 harpies
  21 ironbound convokers
  A steelbarb worm (shapeshifter) (Vaults:5)
  2 large abominations (Lair:5)
  6 orc sorcerers
  50 ugly things
  A tengu skeleton (Depths:3)
  13 manticores
  13 wolf spiders
  10 necromancers
  A faun (shapeshifter) (Vaults:5)
  15 fauns
  6 cyclopes
  23 moths of wrath
  A shining eye (shapeshifter) (Vaults:5)
  4 kobold blastminers
  3 black mambas
  11 elephants
  Maurice (D:8)
  3 meliai (Spider:2)
  11 merfolk sirens
  5 smoke demons
  A moth of wrath (shapeshifter) (D:15)
  6 water nymphs
  24 vault sentinels
  5 torpor snails
  3 gargoyles (D:12)
  An orange demon (D:8)
  11 cane toads
  Maggie (D:7)
  Jeremiah (D:8)
  2 rime drakes (Lair:1)
  36 yaktaurs
  A freezing wraith (Vaults:5)
  A hellion (Depths:4)
  5 komodo dragons
  3 kobold demonologists (D:10)
  2 efreet (D:14)
  A tengu conjurer (Depths:3)
  A queen bee (shapeshifter) (D:14)
  44 merfolk
  4 trolls
  6 wind drakes
  15 tarantellas
  4 hornets
  A polar bear (Lair:4)
  22 blink frogs
  A wolf spider simulacrum (D:15)
  2 raiju (Lair:5)
  10 dream sheep
  2 glass eyes
  10 snapping turtles
  A jumping spider (shapeshifter) (Depths:3)
  2 spriggan zombies (Depths:1)
  A dream sheep (shapeshifter) (Depths:2)
  17 culicivoras
  A snapping turtle (shapeshifter) (Depths:2)
  A culicivora (shapeshifter) (Lair:5)
  3 shadows
  38 slime creatures
  12 jumping spiders
  A spriggan (shapeshifter) (Lair:5)
  18 water elementals
  35 yaks
  4 spriggans
  2 vampires (D:11)
  A human (shapeshifter) (Lair:5)
  5 fire elementals
  7 wraiths (D:10)
  Eustachio (D:4)
  Grum (D:8)
  3 wargs
  A hog (Spider:1)
  A golden eye (shapeshifter) (Vaults:5)
  9 basilisks
  4 wyverns
  3 steam dragons
  42 redbacks
  A vampire mosquito (D:13)
  A neqoxec (Depths:1)
  A chaos spawn (Lair:5)
  Menkaure (D:4)
  22 water moccasins
  2 acid dragons
  4 hell hounds (D:12)
  An ice beast (D:7)
  3 black bears
  39 orc warriors
  9 ogres
  11 boggarts
  17 wolves
  A boggart (shapeshifter) (D:14)
  10 centaurs
  A phantom (D:6)
  7 bullfrogs
  A kobold brigand (D:10)
  9 small abominations (Lair:5)
  A scorpion (D:4)
  A glowing shapeshifter simulacrum (Depths:1)
  17 wights
  9 killer bees
  2 electric eels
  3 bombardier beetles
  8 howler monkeys
  7 hounds
  23 orc priests
  A gnoll bouda (D:7)
  3 jellies
  4 iguanas
  37 orc wizards
  A boggart simulacrum (D:15)
  Robin (D:2)
  10 gnolls
  14 adders
  2 shadow imps
  3 white imps
  4 ufetubi (D:7)
  2 ribbon worms
  98 orcs
  6 endoplasms
  2 giant cockroaches
  18 goblins
  13 hobgoblins
  7 jackals
  4 quokkas
  10 ball pythons
  4 bats
  2 frilled lizards (D:2)
  11 kobolds
  3 rats
  3 aspiring fleshes
  12 ballistomycete spores
  A tentacle (Shoals:2)
1946 creatures vanquished.

Vanquished Creatures (collateral kills)
  An orb of fire (Zot:5)
  Sojobo (Vaults:4)
  2 Killer Klowns (Zot:5)
  A curse toe (Zot:2)
  A golden dragon (Zot:5)
  7 Orb Guardians
  A tengu reaver (Vaults:4)
  Roxanne (D:14)
  Kirke (Spider:1)
  A storm dragon (Zot:5)
  A draconian scorcher (Zot:2)
  A vault warden (Vaults:5)
  3 protean progenitors
  An emperor scorpion (Spider:4)
  An ironbound preserver (Vaults:5)
  A war gargoyle (Vaults:5)
  An ettin (Vaults:5)
  A merfolk impaler (Shoals:4)
  5 vault guards (Vaults:5)
  2 centaur warriors
  An alligator (Zot:3)
  A boulder beetle (Zot:5)
  2 demonic crawlers (Spider:4)
  A spriggan berserker (Depths:4)
  A pharaoh ant (Spider:4)
  2 steelbarb worms (Spider:4)
  2 ironbound convokers (Vaults:5)
  A harpy (Shoals:2)
  An orc knight (Orc:2)
  2 ugly things
  An orc sorcerer (Orc:2)
  A moth of wrath (Zot:2)
  An elephant (Lair:3)
  A meliai (Spider:4)
  A vault sentinel (Vaults:5)
  A torpor snail (Spider:4)
  A rime drake (Lair:4)
  3 yaktaurs (Vaults:5)
  An ice devil (Zot:5)
  Psyche (D:8)
  A merfolk (Shoals:4)
  4 blink frogs (Lair:5)
  A tarantella (Spider:4)
  A culicivora (Spider:1)
  A snapping turtle (Shoals:4)
  3 slime creatures
  A yak (Lair:4)
  2 redbacks
  3 water moccasins
  4 orc warriors (Orc:2)
  A wolf (D:8)
  2 orc priests (Orc:2)
  7 orcs (Orc:2)
  An aspiring flesh (Zot:5)
  299 ballistomycete spores
391 creatures vanquished.

Vanquished Creatures (others)
  A golden dragon (Zot:2)
  A sphinx (Vaults:5)
  A protean progenitor (Zot:2)
  A broodmother (Zot:2)
  2 ice dragons (Zot:2)
  A deep troll (Depths:2)
  A merfolk siren (Shoals:3)
  2 human zombies
  6 humans (Spider:1)
  A deep troll zombie (Vaults:3)
  A boggart (D:15)
  2 sleepcaps (D:5)
  An orc wizard (Orc:2)
  A white imp (D:5)
  21 ballistomycete spores
  9 tentacles (Shoals:2)
52 creatures vanquished.

Grand Total: 2389 creatures vanquished

Notes
Turn   | Place    | Note
-------+----------+-------------------------------------------
     0 | D:1      | RBrandon the Merfolk Shapeshifter began the quest for the
                  | Orb.
     0 | D:1      | Reached XP level 1. HP: 15/15 MP: 1/1
   328 | D:1      | Found a faded altar of an unknown god.
   442 | D:1      | Reached XP level 2. HP: 21/21 MP: 2/2
  1126 | D:2      | Reached XP level 3. HP: 18/27 MP: 3/3
  1287 | D:2      | Found a blossoming altar of Fedhas.
  1301 | D:2      | Became a worshipper of Fedhas Madash
  1311 | D:2      | Noticed Robin
  1429 | D:2      | Reached skill level 1 in Polearms
  1609 | D:2      | Reached XP level 4. HP: 33/33 MP: 4/4
  2031 | D:2      | Killed Robin
  2031 | D:2      | Reached * piety under Fedhas
  2444 | D:3      | Reached XP level 5. HP: 26/38 MP: 5/5
  2565 | D:3      | Reached skill level 5 in Polearms
  2638 | D:3      | Reached XP level 6. HP: 29/44 MP: 6/6
  2758 | D:3      | Reached ** piety under Fedhas
  2789 | D:3      | Noticed a black bear
  2797 | D:3      | Killed a black bear
  2996 | D:3      | Found a runed translucent door.
  2997 | D:3      | Noticed Crazy Yiuf
  3211 | D:3      | Reached XP level 7. HP: 45/50 MP: 7/7
  3711 | D:4      | Noticed Menkaure
  3823 | D:4      | Noticed Eustachio
  3834 | D:4      | Killed Eustachio
  3949 | D:4      | Killed Menkaure
  4260 | D:4      | Reached skill level 10 in Polearms
  4292 | D:4      | Reached XP level 8. HP: 46/56 MP: 8/8
  4541 | D:4      | Reached *** piety under Fedhas
  4688 | D:4      | Found a sparkling altar of Nemelex Xobeh.
  4802 | D:5      | Entered Level 5 of the Dungeon
  5300 | D:5      | Reached skill level 5 in Invocations
  5706 | D:6      | Found a staircase to the Ecumenical Temple.
  6092 | D:6      | Reached XP level 9. HP: 33/62 MP: 13/13
  6570 | D:6      | Reached skill level 5 in Dodging
  6893 | D:7      | Noticed Maggie
  6908 | D:7      | Reached **** piety under Fedhas
  6908 | D:7      | Killed Maggie
  6909 | D:7      | Reached skill level 5 in Fighting
  7268 | D:7      | Reached XP level 10. HP: 71/77 MP: 11/14
  7342 | D:7      | Found an ancient bone altar of Kikubaaqudgha.
  7886 | D:8      | Noticed Maurice
  7899 | D:8      | Something stole a beast talisman
  7901 | D:8      | Something stole a ring of positive energy
  8080 | D:8      | Noticed Grum
  8082 | D:8      | Killed Grum
  8083 | D:8      | Reached skill level 10 in Dodging
  8096 | D:8      | Killed Maurice
  8613 | D:8      | Noticed Psyche
  8638 | D:8      | Killed Psyche
  8771 | D:8      | Noticed Jeremiah
  8781 | D:8      | Killed Jeremiah
  8841 | D:8      | Noticed an orange demon
  8856 | D:8      | Killed an orange demon
  8921 | D:8      | Reached XP level 11. HP: 90/90 MP: 11/15
  8933 | D:8      | Noticed a two-headed ogre
  8943 | D:8      | Noticed Amaemon
  8954 | D:8      | Killed a two-headed ogre
  8955 | D:8      | Reached skill level 10 in Fighting
  8961 | D:8      | Killed Amaemon
  9140 | D:8      | Found a snail-covered altar of Cheibriados.
  9276 | D:8      | Found a staircase to the Lair.
  9330 | Lair:1   | Entered Level 1 of the Lair of Beasts
  9791 | Lair:1   | Noticed Gastronok
  9811 | Lair:1   | Killed Gastronok
  9981 | Lair:1   | Noticed a catoblepas
  9997 | Lair:1   | Killed a catoblepas
 10114 | Lair:1   | Reached XP level 12. HP: 63/100 MP: 16/16
 10684 | Lair:2   | Reached skill level 15 in Polearms
 11114 | Lair:2   | Identified the +3 sling of Irchibbuotu {heavy, Will- Str+5
                  | Stlth+}
 11170 | Lair:2   | Found a staircase to the Shoals.
 12366 | Lair:2   | Noticed a skyshark
 12736 | Lair:2   | Killed a skyshark
 13655 | Lair:3   | Reached XP level 13. HP: 86/108 MP: 12/19
 13671 | Lair:3   | Identified the +3 rapier of the Imbibing Gods {protect,
                  | rPois rN+ Str-4}
 13794 | Lair:3   | Found a hole to the Spider Nest.
 14673 | Lair:4   | Reached skill level 15 in Dodging
 14880 | Lair:4   | Found a viscous altar of Jiyva.
 14880 | Lair:4   | Found a staircase to the Slime Pits.
 15453 | Lair:5   | Entered Level 5 of the Lair of Beasts
 15687 | Lair:5   | Reached skill level 10 in Invocations
 16028 | Lair:5   | Reached XP level 14. HP: 63/119 MP: 16/22
 17380 | Lair:5   | Found a corrupted altar of Lugonu.
 17380 | Lair:5   | Found a one-way gate to the infinite horrors of the Abyss.
 18255 | D:9      | Found Acsebapt's Armour Shop.
 18257 | D:9      | Found Haffed's Distillery.
 18257 | D:9      | Found Xezusk's Antique Weapon Shop.
 18262 | D:9      | Found Usuator's Jewellery Shop.
 18281 | D:9      | Bought a maw talisman for 360 gold pieces
 18316 | D:9      | Reached skill level 5 in Shapeshifting
 18347 | D:9      | Found a flagged portal.
 18359 | Bailey   | Entered a bailey
 18552 | Bailey   | Reached XP level 15. HP: 127/127 MP: 23/23
 18627 | Bailey   | Acquired the +2 pair of gloves "Reicwarch" {rF+ Will+++
                  | rCorr Stlth-}
 18730 | D:9      | Noticed Harold
 18739 | D:9      | Killed Harold
 18790 | D:9      | Bought a potion of heal wounds for 70 gold pieces
 18790 | D:9      | Bought a potion of ambrosia for 112 gold pieces
 18790 | D:9      | Bought a potion of curing for 42 gold pieces
 18790 | D:9      | Bought a potion of might for 56 gold pieces
 18832 | D:9      | Found a sacrificial altar of Ru.
 18834 | D:9      | Reached skill level 1 in Armour
 18834 | D:9      | Reached skill level 10 in Shapeshifting
 18834 | D:9      | Reached XP level 16. HP: 134/134 MP: 23/25
 18864 | D:9      | Found a shadowy altar of Dithmenos.
 18864 | D:9      | Found an ornate altar of the Wu Jian Council.
 19105 | D:9      | Found a blossoming altar of Fedhas.
 19106 | D:9      | Found a radiant altar of Vehumet.
 19168 | D:10     | Entered Level 10 of the Dungeon
 19193 | D:10     | Identified the +6 demon whip of the King {flame, Int+3
                  | Stlth+}
 19409 | D:10     | Identified the +8 scale mail of Taoch {Rampage Will+ Dex+3}
 19572 | D:10     | Noticed Josephine
 19580 | D:10     | Killed Josephine
 19684 | D:10     | Found a runed translucent gate.
 19685 | D:10     | Found a runed translucent gate.
 19686 | D:10     | Found a runed translucent gate.
 19687 | D:10     | Noticed odbg100's ghost (journeyman HOFi)
 19792 | D:10     | Found a hide-covered altar of Uskayaw.
 20244 | D:11     | Noticed Fannar
 20258 | D:11     | Killed Fannar
 20405 | D:11     | Found a staircase to the Orcish Mines.
 20411 | Orc:1    | Entered Level 1 of the Orcish Mines
 20477 | Orc:1    | Reached ***** piety under Fedhas
 20567 | Orc:1    | You fall into a shaft and drop 1 floor!
 20567 | Orc:2    | Entered Level 2 of the Orcish Mines
 20596 | Orc:2    | Found a runed translucent door.
 20597 | Orc:2    | Found a shimmering altar of Xom.
 20597 | Orc:2    | Noticed PowderKeg's ghost (journeyman DEHu)
 20598 | Orc:2    | Found a staircase to the Elven Halls.
 20935 | Orc:2    | Noticed Saint Roka
 20964 | Orc:2    | Killed Saint Roka
 21006 | Orc:2    | Reached XP level 17. HP: 81/140 MP: 23/26
 21356 | Orc:2    | Found Xetod's Antique Armour Boutique.
 21357 | Orc:2    | Found Tepsoted's Antique Weapon Shop.
 21358 | Orc:2    | Found Jutois's General Store.
 21358 | Orc:2    | Found Lofuhije's Book Boutique.
 21372 | Orc:2    | Bought a heavily runed cloak for 266 gold pieces
 21372 | Orc:2    | Identified the +0 cloak "Zekkitoa" {rElec Str+7 Dex-2} (You
                  | bought it in a shop on level 2 of the Orcish Mines)
 21381 | Orc:2    | Bought a book of Spatial Translocations for 198 gold pieces
 21933 | D:12     | Reached skill level 15 in Shapeshifting
 21992 | D:12     | Found Iniym's Antique Weapon Emporium.
 22250 | D:12     | Noticed Azrael
 22261 | D:12     | Killed Azrael
 22294 | D:12     | Learned a level 1 spell: Apportation
 22297 | D:12     | Learned a level 2 spell: Blink
 22300 | D:12     | Learned a level 2 spell: Lesser Beckoning
 22690 | D:13     | Reached skill level 1 in Translocations
 23424 | D:14     | Reached skill level 5 in Translocations
 23620 | D:14     | Found a gate to the Vaults.
 23699 | D:14     | Found Gunoe's Magic Scroll Boutique.
 23722 | D:14     | Noticed Roxanne
 23748 | D:14     | Killed Roxanne
 24141 | D:15     | Entered Level 15 of the Dungeon
 24141 | D:15     | Found Uckureg's Magic Scroll Shop.
 24191 | D:15     | Found Qianoyfef's Book Boutique.
 24300 | D:15     | Found a staircase to the Depths.
 24368 | D:15     | Found Plog's Book Shop.
 24493 | D:15     | Found a runed translucent door.
 24494 | D:15     | Noticed a sphinx
 24687 | D:15     | Found Feethrumm's General Store.
 24741 | D:15     | Found Weyro's Assorted Antiques.
 24904 | D:15     | Killed a sphinx
 25209 | Spider:1 | Entered Level 1 of the Spider Nest
 25217 | Spider:1 | Found a runed translucent gate.
 25263 | Spider:1 | Noticed Kirke
 25301 | Spider:1 | Found a runed translucent gate.
 25301 | Spider:1 | Noticed SecretSquirrel's ghost (adept DsIE)
 25303 | Spider:1 | Found a runed translucent gate.
 25303 | Spider:1 | Killed Kirke
 25419 | Spider:1 | Reached XP level 18. HP: 148/148 MP: 27/27
 25737 | Spider:1 | Noticed Jorgrun
 25745 | Spider:1 | Killed Jorgrun
 26770 | Spider:2 | Reached ****** piety under Fedhas
 27994 | D:9      | Bought a talisman of death for 960 gold pieces
 28361 | Spider:4 | Entered Level 4 of the Spider Nest
 28465 | Spider:4 | Noticed Agnes
 28475 | Spider:4 | Killed Agnes
 28846 | Spider:4 | Reached XP level 19. HP: 153/154 MP: 0/28
 28944 | Spider:4 | Identified the +2 glaive of Symmetry {flame, Int+3 Dex+4
                  | SInv}
 29214 | Spider:4 | Got a gossamer rune of Zot
 29487 | Shoals:1 | Entered Level 1 of the Shoals
 29866 | Shoals:1 | Learned a level 4 spell: Manifold Assault
 30009 | Shoals:1 | Noticed Donald
 30017 | Shoals:1 | Killed Donald
 30652 | Shoals:2 | Noticed Ilsuiw
 30710 | Shoals:2 | Killed Ilsuiw
 30951 | Shoals:2 | Found Rukhlasch's Antique Armour Emporium.
 31005 | Shoals:2 | Bought a distressingly furry ring mail for 234 gold pieces
 31005 | Shoals:2 | Identified the +1 ring mail "Ynadej" {Will+} (You bought it
                  | in a shop on level 2 of the Shoals)
 31735 | Shoals:3 | Reached skill level 1 in Spellcasting
 32596 | Shoals:4 | Entered Level 4 of the Shoals
 32982 | Shoals:4 | Reached XP level 20. HP: 161/161 MP: 29/29
 33446 | Shoals:4 | Got a barnacled rune of Zot
 33610 | Shoals:4 | Identified the staff of the Sneaky Nightmares {rC+ Will++
                  | Conj}
 34422 | Vaults:1 | Entered Level 1 of the Vaults
 34497 | Vaults:1 | Found Feruolao's Weapon Shoppe.
 34713 | Orc:2    | Bought a manual of Fighting for 880 gold pieces
 35321 | Vaults:1 | Identified the +4 mace of Might {freeze, rElec rN++ Stlth-}
 35649 | Vaults:1 | Reached skill level 5 in Armour
 35781 | Vaults:1 | Identified the +1 leather armour "Bekh" {Int+5 Dex+3}
 36355 | Vaults:2 | Reached skill level 15 in Fighting
 36562 | Vaults:2 | Found a runed translucent gate.
 36563 | Vaults:2 | Noticed Aldia's ghost (adept DrSh)
 36564 | Vaults:2 | Found a runed translucent gate.
 36565 | Vaults:2 | Found a runed translucent gate.
 36660 | Vaults:2 | Found a staircase to the Crypt.
 36660 | Vaults:2 | Found an ancient bone altar of Kikubaaqudgha.
 36661 | Vaults:2 | Found a basalt altar of Yredelemnul.
 37054 | Vaults:2 | Reached XP level 21. HP: 153/176 MP: 20/30
 37451 | Vaults:2 | Identified the +9 trident of Corpus Delicti {protect,
                  | rCorr}
 37940 | Vaults:2 | Found a viscous altar of Jiyva.
 37940 | Vaults:2 | Found the +3 robe of Clouds {*Thunder rCloud rElec}
 38761 | Vaults:3 | Identified the +8 mace of Gisiol {freeze, rPois rF- Will+}
 39797 | Vaults:4 | Reached XP level 22. HP: 170/189 MP: 9/31
 40003 | Vaults:4 | Noticed Sojobo
 40019 | Vaults:4 | Killed Sojobo
 41008 | Vaults:4 | Reached skill level 1 in Evocations
 41625 | Vaults:5 | Entered Level 5 of the Vaults
 41635 | Vaults:5 | Noticed a dread lich
 41685 | Vaults:5 | Killed a dread lich
 41726 | Vaults:5 | Reached skill level 5 in Evocations
 41881 | Vaults:5 | Identified the ring "Suenulu" {^Contam +Blink rPois rC+
                  | Int+3}
 42066 | Vaults:5 | Identified the +5 great mace of Beogh's Whim {drain, Int+6}
 42066 | Vaults:5 | Noticed an ancient lich
 42068 | Vaults:5 | Noticed a dread lich
 42068 | Vaults:5 | HP: 7/189 [stone giant/large rock (31)]
 42209 | Vaults:4 | Upgraded the game from 0.31-a0-1405-g2bb1a01664 to
                  | 0.31-a0-1424-g2add1c7226
 42254 | Vaults:5 | Identified the +4 ring mail of the Original Sin {Int+4}
 42254 | Vaults:5 | Identified the ring "Byovin" {rElec rC- Str+6 Dex+6}
 42271 | Vaults:5 | Paralysed by a sphinx for 2 turns
 42316 | Vaults:5 | Got a silver rune of Zot
 42331 | Vaults:5 | Identified the +4 orcbow "Ovou" {flame, Str+4}
 42336 | Vaults:5 | Identified the +4 arbalest of Inference {heavy, rN+ Str+2
                  | Int+2 Dex+2}
 42340 | Vaults:5 | Killed a dread lich
 42346 | Vaults:5 | Killed an ancient lich
 42347 | Vaults:5 | Reached skill level 10 in Evocations
 42351 | Vaults:5 | Reached XP level 23. HP: 70/196 MP: 24/32
 42578 | Vaults:5 | Noticed a golden dragon
 42591 | Vaults:5 | Killed a golden dragon
 43231 | Vaults:5 | Paralysed by a sphinx for 4 turns
 43436 | Vaults:5 | Got the Tome of the Wyrd
 43447 | Vaults:5 | Identified the +1 great sword "Qyphew" {protect, rPois}
 43611 | Vaults:5 | Found Kayfuf's Armour Shoppe.
 43947 | Orc:2    | Bought a masterwork plate armour for 784 gold pieces
 43947 | Orc:2    | Identified the +5 plate armour of Puhin {Dex+4} (You bought
                  | it in a shop on level 2 of the Orcish Mines)
 44217 | Depths:1 | Entered Level 1 of the Depths
 44222 | Depths:1 | Found a gateway to Hell.
 44301 | Depths:1 | You fall into a shaft and drop 1 floor!
 44310 | Depths:2 | Found a one-way gate leading to the halls of Pandemonium.
 44324 | Depths:2 | Noticed a juggernaut
 44349 | Depths:2 | Noticed Asterion
 44374 | Depths:2 | Killed a juggernaut
 44399 | Depths:2 | Found a one-way gateway to a ziggurat.
 44651 | Depths:2 | Noticed a golden dragon
 44655 | Depths:2 | Killed a golden dragon
 45123 | Depths:2 | Killed Asterion
 45124 | Depths:2 | Reached XP level 24. HP: 201/203 MP: 32/32
 45415 | Depths:2 | Upgraded the game from 0.31-a0-1424-g2add1c7226 to
                  | 0.31-a0-1499-ge0622b2318
 45616 | Depths:3 | Noticed Rupert
 45626 | Depths:3 | Killed Rupert
 45814 | Depths:3 | Noticed a juggernaut
 45829 | Depths:3 | Killed a juggernaut
 45834 | Depths:3 | Reached skill level 5 in Spellcasting
 45955 | Depths:3 | Learned a level 4 spell: Vhi's Electric Charge
 46035 | Depths:1 | Reached skill level 1 in Air Magic
 46273 | Depths:1 | Found Xiehinar's Book Shop.
 46273 | Depths:1 | Found Uczyi's Jewellery Emporium.
 46274 | Depths:1 | Found Inwi Xopn's Book Shop.
 46475 | Depths:1 | Reached skill level 5 in Air Magic
 46748 | Depths:1 | Found a glowing silver altar of Zin.
 47649 | Depths:3 | Got the Catalogue of Battling
 47848 | Depths:4 | Entered Level 4 of the Depths
 47944 | Depths:4 | Reached skill level 10 in Translocations
 48076 | Depths:4 | Found a gate to the Realm of Zot.
 48421 | Depths:4 | Reached XP level 25. HP: 210/210 MP: 32/32
 48638 | Depths:4 | Found Woudiosi's Magic Scroll Emporium.
 49241 | Zot:1    | Entered Level 1 of the Realm of Zot
 49516 | Zot:1    | Identified the amulet "Yhyta" {RegenMP Regen+ Str+3 Int+3}
 50413 | Zot:2    | Noticed an orb of fire
 50427 | Zot:2    | Killed an orb of fire
 50691 | Zot:2    | Noticed an orb of fire
 50718 | Zot:2    | Killed an orb of fire
 50830 | Zot:2    | Noticed an orb of fire
 50849 | Zot:2    | Killed an orb of fire
 50850 | Zot:2    | Reached skill level 10 in Armour
 51532 | Zot:3    | Noticed a Killer Klown
 51565 | Zot:3    | Killed a Killer Klown
 51656 | Zot:3    | Noticed a Killer Klown
 51674 | Zot:3    | Killed a Killer Klown
 51760 | Zot:3    | Found a glowing silver altar of Zin.
 51827 | Zot:3    | Found a shimmering altar of Xom.
 51887 | Zot:3    | Found a shimmering altar of Xom.
 51887 | Zot:3    | Found a shimmering altar of Xom.
 52138 | Zot:3    | Reached XP level 26. HP: 198/217 MP: 32/32
 52718 | Zot:3    | Found a shimmering altar of Xom.
 52948 | Zot:4    | Found a burning altar of Makhleb.
 53573 | Zot:5    | Entered Level 5 of the Realm of Zot
 53594 | Zot:5    | Noticed an orb of fire
 53605 | Zot:5    | Killed an orb of fire
 54276 | Zot:5    | Noticed a dread lich
 54336 | Zot:5    | Killed a dread lich
 54416 | Zot:5    | Noticed an orb of fire
 54425 | Zot:5    | Killed an orb of fire
 54426 | Zot:5    | Noticed a Killer Klown
 54435 | Zot:5    | Killed a Killer Klown
 54535 | Zot:5    | Noticed a dread lich
 54538 | Zot:5    | Noticed an orb of fire
 54563 | Zot:5    | Killed a dread lich
 54626 | Zot:5    | Killed an orb of fire
 54627 | Zot:5    | Noticed a Killer Klown
 54632 | Zot:5    | Killed a Killer Klown
 54872 | Zot:5    | Reached skill level 15 in Armour
 54889 | Zot:5    | Reached XP level 27. HP: 202/223 MP: 31/34
 54937 | Zot:5    | Got the Orb of Zot
 54997 | Zot:5    | Reached skill level 15 in Invocations
 55099 | Zot:1    | Noticed Zeisevvu the pandemonium lord
 55201 | Depths:1 | Noticed Icatut the pandemonium lord
 55212 | Depths:1 | Killed Icatut the pandemonium lord
 55645 | D:$      | Escaped with the Orb!

Illustrated notes

Levels and vault maps discovered:
D:1:      doesnt_arrival_eight_statues, layout_basic,
          shapermc_ecumenical_altar_venn
D:2:      minmay_skewed_foursquare, layout_basic, basic_altar,
          minmay_increasing_density, uniq_robin
D:3:      minmay_octagon_keep, layout_loops_ring, serial_forest,
          infiniplex_forest_clump_tiny, infiniplex_forest_clump_C,
          infiniplex_forest_clump_tiny, infiniplex_forest_straight_4,
          infiniplex_forest_straight_2, infiniplex_forest_lined_ring,
          infiniplex_forest_end_3, uniq_crazy_yiuf_cottage
D:4:      layout_cave_pods, mainiacjoe_overflow_boulevard, uniq_menkaure,
          uniq_eustachio
D:5:      layout_loops_cross
D:6:      layout_loops_ring, minmay_temple_entry_oklob,
          hangedman_minor_gate_pass
D:7:      cheibrodos_fzero, layout_cave_pools, mainiacjoe_overflow_alcove_4,
          uniq_maggie
D:8:      layout_loops_corners, old_standard_altar, david_lair_shrubbed,
          uniq_grum, uniq_psyche, uniq_amaemon, uniq_jeremiah, uniq_maurice
D:9:      layout_cave_pools, overflow_temple_1_default,
          gammafunk_temple_overflow_statue, jmf_multi_god_temple,
          enter_bailey_3, dk_noncrumbling_2, minmay_shop_grid_forest,
          corner_web_ring, hangedman_decor_lopped, uniq_harold
D:10:     minmay_firetagon, layout_long_grid, amcnicky_altar_gilded,
          ebering_ghost_rock_garden, minmay_between, uniq_josephine
D:11:     layout_small_grid, orc_0_dummy, uniq_fannar
D:12:     layout_rooms, serial_shops, nicolae_inconvenience_store, uniq_azrael
D:13:     layout_cave_pods, hangedman_corner_corridor
D:14:     layout_roguey, erik_vaults_1, serial_shops,
          nicolae_shop_rolling_square, serial_park_square2, uniq_roxanne
D:15:     hellmonk_depths_entry_around_the_bend, layout_basic,
          amcnicky_mini_pool_small, serial_shops, nicolae_shop_hallway_plus,
          shop, nicolae_shop_statue_plus, shop, nicolae_diamond_shop,
          minmay_hidden_floor
Lair:1:   layout_regular_city, st_stairs_12, grunt_megastairs_3,
          lemuel_fruit_fields, serial_bayou_shore_a, uniq_gastronok
Lair:2:   layout_layer_cave, elwin_shoals_entry_stream, lemuel_fruit_fields
Lair:3:   layout_cellular_growth, nicolae_spider_entry_tight_spaces,
          lemuel_fruit_tree
Lair:4:   layout_gridlike, minmay_slime_entry_pillars, serial_bayou_pond_e
Lair:5:   hellmonk_lair_end_abyssal_woods, layout_small_grid
Shoals:1: layout_shoals, uniq_donald
Shoals:2: layout_shoals, serial_shops, shop, uniq_ilsuiw
Shoals:3: layout_shoals
Shoals:4: shoals_end_hangedman, layout_shoals, nicolae_shoals_loop_pool
Spider:1: layout_spider_delve, gammafunk_ghost_split, uniq_kirke, uniq_jorgrun
Spider:2: layout_cave_pods
Spider:3: layout_spider_delve, hangedman_spider_mandibles,
          nicolae_spider_nooks_and_crannies
Spider:4: hellmonk_spider_rune_bug_friends, uniq_agnes
Orc:1:    layout_caves
Orc:2:    st_orc_congregation, layout_diamond_mine, ebering_ghost_xom,
          uniq_saint_roka
Vaults:1: v_misc_14, grunt_vaults_focal,
          nicolae_vaults_taking_the_gang_shopping, hangedman_vaults_capsules,
          nicolae_vaults_security_offices_6, nicolae_vaults_mini_display_case,
          nicolae_vaults_little_squares_1, nicolae_vaults_trapezoid_lopsided_1,
          vaults_dpeg_hooks, nicolae_vaults_six-pack, layout_vaults_quadrants
Vaults:2: gammafunk_ghost_ooze, nicolae_vaults_doubleplus_tesselated, v_misc_19,
          v_alt_pattern_5, grunt_vaults_trifunnel, ontoclasm_vaults_tryst,
          nicolae_vaults_steering_wheel, nicolae_vaults_weapon_check,
          minmay_crypt_entry_necro_gods, vaults_room_fancy_cross,
          nicolae_vaults_house_1, nicolae_vaults_turnstiles,
          layout_vaults_maze_bifur
Vaults:3: hangedman_vaults_slice, vaults_dpeg_spiral,
          nicolae_vaults_disjoint_gnomons, nicolae_vaults_closet_pinwheel_2,
          nicolae_vaults_cornered_office, nicolae_vaults_theta,
          nicolae_vaults_little_ls, nicolae_vaults_sealed_display,
          nicolae_vaults_statue_guard, vaults_standard_mumra_lines,
          layout_vaults_big_room
Vaults:4: hangedman_vaults_locks, ontoclasm_vaults_eye, nicolae_vaults_octagons,
          vaults_room_corners, nicolae_vaults_network_quincunx
          [nicolae_vaults_network_quincunx_subvault,
          nicolae_vaults_network_quincunx_subvault,
          nicolae_vaults_network_quincunx_subvault,
          nicolae_vaults_network_quincunx_subvault,
          nicolae_vaults_network_quincunx_subvault], v_rooms_4, v_pattern_3,
          vaults_room_pools, vaults_room_pool,
          nicolae_vaults_trapezoid_lopsided_1, layout_vaults_big_cross,
          uniq_sojobo
Vaults:5: serial_shops
Depths:1: layout_gridlike, abyss_entry_small_statue_room, hell_entry,
          zin_treasury, serial_bayou_shore_b, minmay_shop_grove,
          grunt_megastairs_1
Depths:2: minmay_bad_star, layout_cave_shapes, enter_ziggurat_f,
          hangedman_coc_ice_floe, rand_demon_pan_entry_9, uniq_asterion
Depths:3: cross_vault, layout_long_grid, abyss_entry, hell_entry, serial_sigils,
          serial_sigils_hangedman_gnaw, serial_sigils_hangedman_leer,
          serial_sigils_hangedman_carve, serial_sigils_hangedman_scar,
          st_stairs_12, sword_in_stone, infiniplex_staircase_squiggle
Depths:4: grunt_zot_entry_funnels, layout_basic, pf_dread_powers_of_hell,
          abyss_entry_crystal, serial_shops, nicolae_shop_window_shopping,
          serial_sigils_hangedman_etch
Zot:1:    layout_twisted_circle, regret_index_zotdec_serpentine_scales,
          grunt_megastairs_5
Zot:2:    kennysheep_bubbly, layout_twisted_circle, regret_index_zotdec_ex,
          st_small_dragon_hoard_3
Zot:3:    dreamdust_zin_vs_xom, layout_misc_corridors
Zot:4:    layout_concentric_octagons, regret_index_zotdec_demonic_mixed
Zot:5:    layout_twisted_circle, bh_zot_ikea_curve

Skill      XL: |  1  2  3  4  5  6  7  8  9 10 11 12 13 14 15 16 17 18 19 20 21 22 23 24 25 26 27 |
---------------+----------------------------------------------------------------------------------+-----
Dodging        | 3 8 11 13 14 16 17 21 22 | 22.8
Fighting       | 2 6 9 11 12 13 14 17 19 | 19.6
Polearms       | 2 4 6 8 10 11 14 16 19 20 22 24 | 24.0
Invocations    | 6 8 10 11 12 14 15 | 15.3
Shapeshifting  | 9 10 14 18 22 23 24 | 24.1
Armour         | 1 6 12 15 | 15.3
Translocations | 6 8 9 11 | 11.8
Spellcasting   | 4 6 |  6.0
Evocations     | 10 12 | 12.4
Air Magic      | 6 |  6.5
Unarmed Combat | |  3.2

Action                     |  1- 3 |  4- 6 |  7- 9 | 10-12 | 13-15 | 16-18 | 19-21 | 22-24 | 25-27 || total
---------------------------+-------+-------+-------+-------+-------+-------+-------+-------+-------++-------
  Melee: Unarmed           |     9 |       |       |       |       |     6 |       |       |       ||    15
         Dagger            |     4 |       |       |       |       |       |       |       |       ||     4
         Spear             |    88 |   117 |       |       |       |       |       |       |       ||   205
         Halberd           |       |    86 |   238 |   310 |   343 |  1023 |    10 |       |       ||  2010
         Maw               |       |       |       |       |       |    65 |       |       |       ||    65
         Tailslap          |       |       |       |       |       |     2 |    58 |     8 |       ||    68
         Glaive            |       |       |       |       |       |       |  1559 |       |       ||  1559
         Bardiche          |       |       |       |       |       |       |   544 |  1626 |  1220 ||  3390
   Fire: Sling             |     2 |       |       |       |       |       |       |       |       ||     2
   Cast: Manifold Assault  |       |       |       |       |       |       |    53 |    15 |     9 ||    77
         Lesser Beckoning  |       |       |       |       |       |       |     1 |       |    13 ||    14
         Blink             |       |       |       |       |       |       |       |     5 |    11 ||    16
         Vhi's Electric Ch |       |       |       |       |       |       |       |     1 |     8 ||     9
 Invoke: Wall of Briars    |       |       |     2 |    11 |    11 |    13 |     3 |     2 |     2 ||    44
         Grow Ballistomyce |       |       |     5 |    13 |    16 |     6 |     4 |     6 |     2 ||    52
         Grow Oklob        |       |       |       |       |       |     5 |     1 |     5 |    14 ||    25
Ability: Begin Untransform |       |       |       |     1 |       |     2 |     1 |     3 |     3 ||    10
         Siphon Essence    |       |       |       |       |       |       |    15 |    12 |    13 ||    40
  Evoke: Wand              |       |       |       |     4 |       |     1 |       |       |     7 ||    12
         Lightning rod     |       |       |       |       |     3 |     7 |    11 |     4 |     4 ||    29
         Phantom mirror    |       |       |       |       |       |       |       |     1 |       ||     1
         Condenser vane    |       |       |       |       |       |       |       |     2 |     1 ||     3
         Phial of floods   |       |       |       |       |       |       |       |     1 |       ||     1
         Box of beasts     |       |       |       |       |       |       |       |       |     3 ||     3
    Use: Potion            |     1 |     2 |     3 |     3 |     2 |     1 |     1 |    10 |     8 ||    31
         Scroll            |       |     7 |     9 |     5 |    10 |     9 |    12 |     9 |    10 ||    71
   Stab: Sleeping          |     1 |       |       |       |       |     6 |       |       |       ||     7
         Confused          |       |       |     1 |     8 |     8 |     4 |     9 |    22 |    21 ||    73
         Invisible         |       |       |       |     1 |       |     1 |       |       |       ||     2
         Distracted        |       |       |       |       |     1 |       |     1 |     6 |    11 ||    19
         Paralysed         |       |       |       |       |       |       |     3 |     3 |    10 ||    16
         Petrified         |       |       |       |       |       |       |       |    10 |       ||    10
         Petrifying        |       |       |       |       |       |       |       |     7 |     3 ||    10
         Held in net/web   |       |       |       |       |       |       |       |       |     1 ||     1
 Armour: Animal skin       |     6 |       |       |       |       |       |       |       |       ||     6
         Skin              |    11 |       |       |       |       |   882 |    17 |   249 |       ||  1159
         Ring mail         |    32 |       |   104 |   177 |   167 |       |       |       |       ||   480
         Scale mail        |       |    86 |       |       |       |   105 |   934 |   650 |   536 ||  2311
         Chain mail        |       |    34 |    22 |       |       |       |       |       |       ||    56
  Dodge: Dodged            |    52 |    81 |   116 |   187 |   237 |  1610 |  1948 |  1020 |   740 ||  5991
  Block: Buckler           |       |     7 |       |       |       |       |       |       |       ||     7
         Other             |       |       |       |       |     5 |    44 |       |       |       ||    49
         Reflection        |       |       |       |       |     2 |     1 |       |       |       ||     3
   Form: Maw               |       |       |       |       |       |     1 |       |       |       ||     1
         Statue            |       |       |       |       |       |     2 |       |     2 |     1 ||     5
         Death             |       |       |       |       |       |     1 |     2 |     4 |     3 ||    10

Table legend: (Time is in decaauts)
 A = Elapsed time spent in this place.
 B = Non-inter-level travel time spent in this place.
 C = Inter-level travel time spent in this place.
 D = Time resting spent in this place.
 E = Time spent auto-exploring this place.
 F = Levels seen in this place.
 G = Mean time per level.
                   A        B        C        D        E       F      G
               +--------+--------+--------+--------+--------+-----+--------+
         Total |  57364 |  52210 |   5154 |   7910 |  29012 |  45 | 1274.8 |
       Dungeon |  17058 |  14917 |   2141 |   2201 |   8883 |  15 | 1137.2 |
          Lair |   8992 |   8325 |    667 |   2715 |   3728 |   5 | 1798.4 |
        Shoals |   3886 |   3790 |     96 |    360 |   1966 |   4 |  971.5 |
   Spider Nest |   5931 |   5435 |    496 |    390 |   3562 |   4 | 1482.8 |
  Orcish Mines |   1759 |   1475 |    284 |    130 |    600 |   2 |  879.5 |
        Vaults |   9157 |   8302 |    855 |    745 |   5021 |   5 | 1831.4 |
        Depths |   4763 |   4393 |    370 |    385 |   2605 |   4 | 1190.8 |
           Zot |   5530 |   5289 |    241 |    983 |   2505 |   5 | 1106.0 |
        Bailey |    286 |    286 |      0 |      0 |    141 |   1 |  286.0 |
               +--------+--------+--------+--------+--------+-----+--------+

Top non-repeatable levels by time:
Vaults:5: 2423 daAuts
  Lair:5: 2281 daAuts
  Lair:1: 2019 daAuts
  Lair:2: 1818 daAuts
Vaults:4: 1804 daAuts
Vaults:2: 1764 daAuts
Spider:2: 1759 daAuts
     D:8: 1722 daAuts
Spider:1: 1669 daAuts
  Lair:3: 1647 daAuts
Vaults:1: 1600 daAuts
     D:3: 1575 daAuts
Vaults:3: 1564 daAuts
   Orc:2: 1536 daAuts
    D:15: 1442 daAuts

Levels and vault maps discovered:
D:1:      doesnt_arrival_eight_statues, layout_basic,
          shapermc_ecumenical_altar_venn
D:2:      minmay_skewed_foursquare, layout_basic, basic_altar,
          minmay_increasing_density, uniq_robin
D:3:      minmay_octagon_keep, layout_loops_ring, serial_forest,
          infiniplex_forest_clump_tiny, infiniplex_forest_clump_C,
          infiniplex_forest_clump_tiny, infiniplex_forest_straight_4,
          infiniplex_forest_straight_2, infiniplex_forest_lined_ring,
          infiniplex_forest_end_3, uniq_crazy_yiuf_cottage
D:4:      layout_cave_pods, mainiacjoe_overflow_boulevard, uniq_menkaure,
          uniq_eustachio
D:5:      layout_loops_cross
D:6:      layout_loops_ring, minmay_temple_entry_oklob,
          hangedman_minor_gate_pass
D:7:      cheibrodos_fzero, layout_cave_pools, mainiacjoe_overflow_alcove_4,
          uniq_maggie
D:8:      layout_loops_corners, old_standard_altar, david_lair_shrubbed,
          uniq_grum, uniq_psyche, uniq_amaemon, uniq_jeremiah, uniq_maurice
D:9:      layout_cave_pools, overflow_temple_1_default,
          gammafunk_temple_overflow_statue, jmf_multi_god_temple,
          enter_bailey_3, dk_noncrumbling_2, minmay_shop_grid_forest,
          corner_web_ring, hangedman_decor_lopped, uniq_harold
D:10:     minmay_firetagon, layout_long_grid, amcnicky_altar_gilded,
          ebering_ghost_rock_garden, minmay_between, uniq_josephine
D:11:     layout_small_grid, orc_0_dummy, uniq_fannar
D:12:     layout_rooms, serial_shops, nicolae_inconvenience_store, uniq_azrael
D:13:     layout_cave_pods, hangedman_corner_corridor
D:14:     layout_roguey, erik_vaults_1, serial_shops,
          nicolae_shop_rolling_square, serial_park_square2, uniq_roxanne
D:15:     hellmonk_depths_entry_around_the_bend, layout_basic,
          amcnicky_mini_pool_small, serial_shops, nicolae_shop_hallway_plus,
          shop, nicolae_shop_statue_plus, shop, nicolae_diamond_shop,
          minmay_hidden_floor
Lair:1:   layout_regular_city, st_stairs_12, grunt_megastairs_3,
          lemuel_fruit_fields, serial_bayou_shore_a, uniq_gastronok
Lair:2:   layout_layer_cave, elwin_shoals_entry_stream, lemuel_fruit_fields
Lair:3:   layout_cellular_growth, nicolae_spider_entry_tight_spaces,
          lemuel_fruit_tree
Lair:4:   layout_gridlike, minmay_slime_entry_pillars, serial_bayou_pond_e
Lair:5:   hellmonk_lair_end_abyssal_woods, layout_small_grid
Shoals:1: layout_shoals, uniq_donald
Shoals:2: layout_shoals, serial_shops, shop, uniq_ilsuiw
Shoals:3: layout_shoals
Shoals:4: shoals_end_hangedman, layout_shoals, nicolae_shoals_loop_pool
Spider:1: layout_spider_delve, gammafunk_ghost_split, uniq_kirke, uniq_jorgrun
Spider:2: layout_cave_pods
Spider:3: layout_spider_delve, hangedman_spider_mandibles,
          nicolae_spider_nooks_and_crannies
Spider:4: hellmonk_spider_rune_bug_friends, uniq_agnes
Orc:1:    layout_caves
Orc:2:    st_orc_congregation, layout_diamond_mine, ebering_ghost_xom,
          uniq_saint_roka
Vaults:1: v_misc_14, grunt_vaults_focal,
          nicolae_vaults_taking_the_gang_shopping, hangedman_vaults_capsules,
          nicolae_vaults_security_offices_6, nicolae_vaults_mini_display_case,
          nicolae_vaults_little_squares_1, nicolae_vaults_trapezoid_lopsided_1,
          vaults_dpeg_hooks, nicolae_vaults_six-pack, layout_vaults_quadrants
Vaults:2: gammafunk_ghost_ooze, nicolae_vaults_doubleplus_tesselated, v_misc_19,
          v_alt_pattern_5, grunt_vaults_trifunnel, ontoclasm_vaults_tryst,
          nicolae_vaults_steering_wheel, nicolae_vaults_weapon_check,
          minmay_crypt_entry_necro_gods, vaults_room_fancy_cross,
          nicolae_vaults_house_1, nicolae_vaults_turnstiles,
          layout_vaults_maze_bifur
Vaults:3: hangedman_vaults_slice, vaults_dpeg_spiral,
          nicolae_vaults_disjoint_gnomons, nicolae_vaults_closet_pinwheel_2,
          nicolae_vaults_cornered_office, nicolae_vaults_theta,
          nicolae_vaults_little_ls, nicolae_vaults_sealed_display,
          nicolae_vaults_statue_guard, vaults_standard_mumra_lines,
          layout_vaults_big_room
Vaults:4: hangedman_vaults_locks, ontoclasm_vaults_eye, nicolae_vaults_octagons,
          vaults_room_corners, nicolae_vaults_network_quincunx
          [nicolae_vaults_network_quincunx_subvault,
          nicolae_vaults_network_quincunx_subvault,
          nicolae_vaults_network_quincunx_subvault,
          nicolae_vaults_network_quincunx_subvault,
          nicolae_vaults_network_quincunx_subvault], v_rooms_4, v_pattern_3,
          vaults_room_pools, vaults_room_pool,
          nicolae_vaults_trapezoid_lopsided_1, layout_vaults_big_cross,
          uniq_sojobo
Vaults:5: serial_shops
Depths:1: layout_gridlike, abyss_entry_small_statue_room, hell_entry,
          zin_treasury, serial_bayou_shore_b, minmay_shop_grove,
          grunt_megastairs_1
Depths:2: minmay_bad_star, layout_cave_shapes, enter_ziggurat_f,
          hangedman_coc_ice_floe, rand_demon_pan_entry_9, uniq_asterion
Depths:3: cross_vault, layout_long_grid, abyss_entry, hell_entry, serial_sigils,
          serial_sigils_hangedman_gnaw, serial_sigils_hangedman_leer,
          serial_sigils_hangedman_carve, serial_sigils_hangedman_scar,
          st_stairs_12, sword_in_stone, infiniplex_staircase_squiggle
Depths:4: grunt_zot_entry_funnels, layout_basic, pf_dread_powers_of_hell,
          abyss_entry_crystal, serial_shops, nicolae_shop_window_shopping,
          serial_sigils_hangedman_etch
Zot:1:    layout_twisted_circle, regret_index_zotdec_serpentine_scales,
          grunt_megastairs_5
Zot:2:    kennysheep_bubbly, layout_twisted_circle, regret_index_zotdec_ex,
          st_small_dragon_hoard_3
Zot:3:    dreamdust_zin_vs_xom, layout_misc_corridors
Zot:4:    layout_concentric_octagons, regret_index_zotdec_demonic_mixed
Zot:5:    layout_twisted_circle, bh_zot_ikea_curve

Table legend: (Time is in decaauts)
 A = Elapsed time spent in this place.
 B = Non-inter-level travel time spent in this place.
 C = Inter-level travel time spent in this place.
 D = Time resting spent in this place.
 E = Time spent auto-exploring this place.
 F = Levels seen in this place.
 G = Mean time per level.
                   A        B        C        D        E       F      G
               +--------+--------+--------+--------+--------+-----+--------+
         Total |  57364 |  52210 |   5154 |   7910 |  29012 |  45 | 1274.8 |
       Dungeon |  17058 |  14917 |   2141 |   2201 |   8883 |  15 | 1137.2 |
          Lair |   8992 |   8325 |    667 |   2715 |   3728 |   5 | 1798.4 |
        Shoals |   3886 |   3790 |     96 |    360 |   1966 |   4 |  971.5 |
   Spider Nest |   5931 |   5435 |    496 |    390 |   3562 |   4 | 1482.8 |
  Orcish Mines |   1759 |   1475 |    284 |    130 |    600 |   2 |  879.5 |
        Vaults |   9157 |   8302 |    855 |    745 |   5021 |   5 | 1831.4 |
        Depths |   4763 |   4393 |    370 |    385 |   2605 |   4 | 1190.8 |
           Zot |   5530 |   5289 |    241 |    983 |   2505 |   5 | 1106.0 |
        Bailey |    286 |    286 |      0 |      0 |    141 |   1 |  286.0 |
               +--------+--------+--------+--------+--------+-----+--------+

Top non-repeatable levels by time:
Vaults:5: 2423 daAuts
  Lair:5: 2281 daAuts
  Lair:1: 2019 daAuts
  Lair:2: 1818 daAuts
Vaults:4: 1804 daAuts
Vaults:2: 1764 daAuts
Spider:2: 1759 daAuts
     D:8: 1722 daAuts
Spider:1: 1669 daAuts
  Lair:3: 1647 daAuts
Vaults:1: 1600 daAuts
     D:3: 1575 daAuts
Vaults:3: 1564 daAuts
   Orc:2: 1536 daAuts
    D:15: 1442 daAuts

Table legend:
 A = Kills in this place as a percentage of kills in the entire game.
 B = Kills by you in this place as a percentage of kills by you in the entire game.
 C = Kills by friends in this place as a percentage of kills by friends in the entire game.
 D = Other kills in this place as a percentage of other kills in the entire game.
 E = Experience gained in this place as a percentage of experience gained in the entire game.
 F = Experience gained in this place divided by the number of levels of this place that you have seen.
                   A       B       C       D       E      F
               +-------+-------+-------+-------+-------+----------------------
         Total | 100.0 | 100.0 | 100.0 | 100.0 | 100.0 | 26631.7
       Dungeon |  20.4 |  21.1 |   7.7 |  11.5 |   6.6 | 5293.9
          Lair |   9.4 |   9.4 |   9.9 |  11.5 |   4.7 | 11333.6
        Shoals |   9.5 |   9.8 |   4.4 |   7.7 |   8.3 | 25013.5
   Spider Nest |   8.3 |   8.1 |  13.2 |   3.8 |   6.9 | 20688.8
  Orcish Mines |   6.5 |   6.0 |  16.5 |  11.5 |   1.6 | 9620.5
        Vaults |  21.7 |  21.4 |  23.1 |  34.6 |  28.9 | 69372.6
        Depths |  12.4 |  13.0 |   3.3 |   3.8 |  18.7 | 56034.5
           Zot |  10.3 |   9.7 |  22.0 |  15.4 |  24.0 | 57529.8
        Bailey |   1.4 |   1.5 |   0.0 |   0.0 |   0.1 | 1649.0
               +-------+-------+-------+-------+-------+----------------------
